 Seeded DCSS version 0.30.1 (webtiles) character file.

Game seed: 6351066067085065685 (custom seed)

36 Esekla the Grave Robber (level 3, -1/19 HPs)
             Began as a Deep Elf Necromancer on July 7, 2023.
             Was an Initiate of Vehumet.
             Slain by a black bear (7 damage)
             ... on level 2 of the Dungeon.
             The game lasted 00:07:41 (1283 turns).

Esekla the Grave Robber (Deep Elf Necromancer)      Turns: 1283, Time: 00:07:42

Health: -1/19      AC:  2    Str:  5    XL:     3   Next: 19%
Magic:  3/9        EV: 13    Int: 21    God:    Vehumet [......]
Gold:   134        SH:  0    Dex: 18    Spells: 4/8 levels left

rFire   . . .        k - +5 rapier of the Hero {heavy, rN+ Dex+3}
rCold   . . .        (no shield)
rNeg    + . .        a - +0 robe
rPois   .            (no helmet)
rElec   .            (no cloak)
rCorr   .            (no gloves)
SInv    .            (no boots)
Will    .....        (no amulet)
Stlth   ++           (no ring)
HPRegen 0.23/turn    (no ring)
MPRegen 0.11/turn

%: no passive effects
@: no status effects
A: no striking features
a: Renounce Religion


You were on level 2 of the Dungeon.
You worshipped Vehumet.
Vehumet was noncommittal.
You visited 1 branch of the dungeon, and saw 4 of its levels.

You collected 134 gold pieces.

Inventory:

Hand Weapons
 k - the +5 rapier of the Hero (weapon) {heavy, rN+ Dex+3}
   (You found it on level 3 of the Dungeon)

   Dex:       It affects your dexterity (+3).
   rN:        It protects you from negative energy.
Armour
 a - a +0 robe (worn)
Wands
 g - a wand of roots (9)
Scrolls
 e - a scroll of fear {unknown}
 f - 2 scrolls of identify {unknown}
 h - a scroll of enchant armour {unknown}
 i - a scroll of amnesia {unknown}
 j - a scroll of immolation {unknown}
 p - a scroll of fog {unknown}
Potions
 b - a potion of magic
 c - a potion of curing {unknown}
 d - a potion of ambrosia {unknown}
 l - a potion of haste {unknown}
 m - a potion of attraction {unknown}
 n - a potion of heal wounds {unknown}
 o - 2 potions of brilliance {unknown}


   Skills:
 + Level 0.2 Short Blades
 * Level 3.3 Dodging
 + Level 2.8 Stealth
 * Level 3.4 Spellcasting
 * Level 5.2 Necromancy


You had 4 spell levels left.
You knew the following spells:

 Your Spells              Type           Power      Damage    Failure   Level
a - Necrotise             Necr           100%       1d9       1%          1
d - Vampiric Draining     Necr           25%        2d7       4%          3

Your spell library contained the following spells:

 Spells                   Type           Power      Damage    Failure   Level
 Animate Dead             Necr           25%        N/A       14%         4
 Lesser Beckoning         Tloc           8%         N/A       19%         2
 Gell's Gravitas          Tloc           4%         N/A       36%         3
 Teleport Other           Tloc           4%         N/A       36%         3
 Agony                    Necr           25%        N/A       38%         5


Dungeon Overview and Level Annotations

Branches:
Dungeon (4/15)
 Temple: D:4-7

Altars:
Okawaru
Vehumet
Zin

Shops:
D:2 =


Message History

There is a stone staircase leading up here. 2 gnolls come into view.
The gnoll shouts!
A gnoll comes into view. It is wielding a +0 flail.
There is a stone staircase leading up here.
You climb upwards.
There is a stone staircase leading down here.
Things that are here:
3 stones; a +0 short sword; a kobold corpse
There is a stone staircase leading down here.
You climb downwards.
Found 11 gold pieces.
There is a stone staircase leading up here.
Found a short sword.
You now have 134 gold pieces (gained 11).
A black bear comes into view.
An iguana comes into view.
You puncture the black bear!
The black bear is heavily wounded.
The black bear closely misses you. x2; The black bear claws you.
The black bear barely misses you. The black bear misses you.
The black bear claws you.
Cast which spell? (? or * to list)
The spell is quite dangerous to miscast (4% risk of failure)!
Continue anyway?
Aiming: Vampiric Draining (quite dangerous; 4% risk of failure)
Press: ? - help, Shift-Dir - straight line, f - black bear
Aim: a black bear (heavily wounded)
You draw life force from the black bear.
You feel life coursing into your body.
The black bear goes berserk!
Casting: Vampiric Draining (quite dangerous; 4% risk of failure)
Confirm with . or Enter, or press ? or * to list all spells.
The spell is quite dangerous to miscast (4% risk of failure)!
Continue anyway?
Aiming: Vampiric Draining (quite dangerous; 4% risk of failure)
Press: ? - help, Shift-Dir - straight line, f/p - black bear
Aim: a black bear (severely wounded, berserk)
You draw life force from the black bear!
You feel life coursing into your body. The black bear bites you!
Ouch! That really hurt!
The black bear claws you. The black bear claws you!
You die...

#... ..# #. #..#
#.# #.
#..#####.###
#<.........#
#........).#
#.######.#.####.
#............h..
########h#.#####
#@# # #.#
.l......#
8.#.#####


You could see a black bear (berserk).

Vanquished Creatures
  A dart slug (D:1)
  5 ball pythons (D:1)
  3 endoplasms (D:1)
  7 goblins
  3 hobgoblins
  A quokka (D:1)
  3 bats
  3 frilled lizards
  3 kobolds (D:1)
29 creatures vanquished.

Notes
Turn   | Place    | Note
-------+----------+-------------------------------------------
     0 | D:1      | Esekla the Deep Elf Necromancer began the quest for the
                  | Orb.
     0 | D:1      | Reached XP level 1. HP: 10/10 MP: 6/6
   150 | D:1      | Reached skill level 5 in Necromancy
   197 | D:1      | Reached XP level 2. HP: 13/13 MP: 8/8
   344 | D:4      | Found a radiant altar of Vehumet.
   348 | D:4      | Became a worshipper of Vehumet
   363 | D:4      | Found an iron altar of Okawaru.
   377 | D:4      | Found a glowing silver altar of Zin.
   763 | D:3      | Identified the +5 rapier of the Hero {heavy, rN+ Dex+3}
   809 | D:2      | Found Renulab's Jewellery Shop.
  1136 | D:1      | Reached XP level 3. HP: 19/19 MP: 9/9
  1159 | D:1      | Learned a level 3 spell: Vampiric Draining
  1273 | D:2      | Noticed a black bear
  1283 | D:2      | Slain by a black bear

Illustrated notes

Levels and vault maps discovered:
D:1:      sevenhm_arrival_forest_fort_small_3, layout_rooms,
          chequers_serial_rivers_room_b, minmay_misc_feat_five
D:2:      layout_loops_ring, dreamdust_ecumenical_altar_angels_and_demons,
          serial_shops, shop
D:3:      layout_basic, grunt_temple_overflow_open, minmay_misc_feat_iff
D:4:      layout_basic, nicolae_overflow_quartered_altars, serial_shops,
          nicolae_diamond_shop

Skill      XL: |  1  2 |
---------------+-------+-----
Necromancy     | 5 |  5.2
Dodging        | 3 |  3.3
Short Blades   | |  0.2
Stealth        | |  2.8
Spellcasting   | |  3.4

Action                     || total
---------------------------++-------
  Melee: Short sword       ||    16
         Unarmed           ||     9
         Dagger            ||    22
         Rapier            ||    29
   Cast: Vampiric Draining ||     2
   Stab: Sleeping          ||     2
         Distracted        ||     1
 Armour: Robe              ||    11
  Dodge: Dodged            ||    59
